 Dungeon Crawl Stone Soup version 0.20.1-1-g8b1a95d (webtiles) character file.

429 polve the Slasher (level 6, 0/44 HPs)
             Began as a Demonspawn Gladiator on July 8, 2017.
             Succumbed to a worker ant's poison
             ... on level 4 of the Dungeon.
             The game lasted 00:02:50 (3574 turns).

polve the Slasher (Demonspawn Gladiator)            Turns: 3574, Time: 00:02:51

Health: 0/44       AC: 13    Str: 14    XL:     6   Next: 66%
Magic:  6/6        EV: 13    Int:  9    God:
Gold:   109        SH:  0    Dex: 17    Spells: 5/5 levels left

rFire    . . .     SeeInvis .   a - +0 long sword
rCold    . . .     Gourm    .   (no shield)
rNeg     . . .     Faith    .   b - +0 leather armour
rPois    .         Spirit   .   c - +0 helmet
rElec    .         Reflect  .   (no cloak)
rCorr    .         Harm     .   (no gloves)
MR       .....                  (no boots)
Stlth    +.........             (no amulet)
Regen    0.2/turn               (no ring)
MPRegen  0.1/turn               (no ring)

@: lethally poisoned (0 -> -2), sanguine armour
A: spiny 1, rot immunity, sanguine armour 2
a: no special abilities


You were on level 4 of the Dungeon.
You were not hungry.

You visited 1 branch of the dungeon, and saw 4 of its levels.

You collected 109 gold pieces.

Inventory:

Hand Weapons
 a - a +0 long sword (weapon)
Missiles
 d - 3 throwing nets (quivered)
Armour
 b - a +0 leather armour (worn)
 c - a +0 helmet (worn)
Jewellery
 g - a cursed -4 ring of strength {unknown}
Wands
 o - a wand of flame (38/48)
 q - a wand of lightning (10/15)
Scrolls
 e - 3 scrolls of remove curse {unknown}
 h - 3 scrolls of identify {unknown}
 k - 3 scrolls of teleportation {unknown}
 l - a scroll of recharging {unknown}
 m - a scroll of enchant weapon {unknown}
 n - 2 scrolls of fog {unknown}
 s - a scroll of amnesia {unknown}
Potions
 i - 2 potions of curing
 j - a potion of flight {unknown}
Books
 p - a book of Necromancy

   Spells                             Type                      Level
   a - Pain                           Necromancy                   1
   b - Animate Skeleton               Necromancy                   1
   c - Vampiric Draining              Necromancy                   3
   d - Regeneration                   Charms/Necromancy            3
   e - Animate Dead                   Necromancy                   4
   f - Control Undead                 Necromancy                   4
 t - a book of Maledictions

   Spells                             Type                      Level
   a - Corona                         Hexes                        1
   b - Ensorcelled Hibernation        Hexes/Ice                    2
   c - Confuse                        Hexes                        3
   d - Tukima's Dance                 Hexes                        3
   e - Dazzling Spray                 Conjuration/Hexes            3
Comestibles
 f - 3 bread rations
 r - 4 chunks of flesh


   Skills:
 - Level 2.0 Fighting
 + Level 6.9 Long Blades
 - Level 1.7 Throwing
 - Level 2.6 Dodging


You had 5 spell levels left.
You didn't know any spells.

Dungeon Overview and Level Annotations

Branches:
Dungeon (4/15)
 Temple: D:4-7

Altars:
Hepliaklqana
Ru
Xom


Innate Abilities, Weirdness & Mutations

You are partially covered in sharp spines.
You are immune to rotting.
When seriously injured, your bleeding wounds create thick armour. (AC +9)


Message History

You hit the phantom.
The phantom is heavily damaged.
You feel sick.
The phantom blinks!
You swing at nothing.
You swing at nothing.
You feel sick.
You swing at nothing.
You closely miss the phantom.
The phantom is heavily damaged.
You feel sick.
The phantom hits you but does no damage.
You completely miss the phantom.
The phantom is heavily damaged.
The phantom closely misses you.
You miss the phantom.
The phantom is heavily damaged.
The phantom hits you.
* * * LOW HITPOINT WARNING * * *
You barely miss the phantom.
The phantom is heavily damaged.
You die...

##.........####
#.........# .....#
##........# ......
#........# ......#
#........# .......##
#........#
........###.#......#
.§§.....##..###....#
§§§≈≈≈.†##@## ....
§§§W.≈≈..#W# ...
≈§§§≈≈≈†...# ..
§§≈§≈.....##
≈.§≈≈≈≈.#.#
≈≈.≈≈≈§...#
.≈≈≈§≈.#.##
.......#.#
......#..#


You could see a phantom.

Vanquished Creatures
  The ghost of StormFighter the Ruffian, an amateur VSFi (D:3)
  A water moccasin skeleton (D:4)
  A howler monkey (D:4)
  An orc priest (D:3)
  A worker ant (D:4)
  An orc wizard (D:3)
  A hound skeleton (D:4)
  6 adders
  4 worms
  A dart slug (D:1)
  4 leopard geckos
  11 orcs
  3 bats
  3 giant cockroaches
  8 goblins
  5 hobgoblins
  4 jackals (D:2)
  8 kobolds
  2 ball pythons
  4 frilled lizards
  9 rats
79 creatures vanquished.

Notes
Turn   | Place    | Note
-------+----------+-------------------------------------------
     0 | D:1      | polve the Demonspawn Gladiator began the quest for the Orb.
     0 | D:1      | Reached XP level 1. HP: 16/16 MP: 1/1
   100 | D:1      | Reached skill level 3 in Long Blades
   409 | D:1      | Gained mutation: When seriously injured, your bleeding wounds create armour. (AC +9) [demonic ancestry]
   409 | D:1      | Reached XP level 2. HP: 20/22 MP: 2/2
  1082 | D:2      | Reached XP level 3. HP: 24/27 MP: 3/3
  1298 | D:2      | Reached skill level 4 in Long Blades
  1531 | D:2      | Found a hazy altar of Hepliaklqana.
  1531 | D:2      | Found a sacrificial altar of Ru.
  1895 | D:3      | Noticed StormFighter's ghost (amateur VSFi)
  1909 | D:3      | Killed StormFighter's ghost
  1909 | D:3      | Reached skill level 5 in Long Blades
  1909 | D:3      | Gained mutation: You are partially covered in sharp spines. [demonic ancestry]
  1909 | D:3      | Reached XP level 4. HP: 33/33 MP: 4/4
  1909 | D:3      | Gained mutation: You are immune to rotting. [demonic ancestry]
  1909 | D:3      | Reached XP level 5. HP: 38/38 MP: 5/5
  2697 | D:3      | Noticed an ogre
  2863 | D:3      | Reached skill level 6 in Long Blades
  3092 | D:3      | Gained mutation: When seriously injured, your bleeding wounds create thick armour. (AC +9) [demonic ancestry]
  3092 | D:3      | Reached XP level 6. HP: 44/44 MP: 6/6
  3534 | D:4      | Found a shimmering altar of Xom.
  3573 | D:4      | HP: 1/44 [phantom (6)]
  3574 | D:4      | Succumbed to a worker ant's poison

Skill      XL: |  1  2  3  4  5 |
---------------+----------------+-----
Long Blades    | 3 5 6 |  6.9
Fighting       | |  2.0
Throwing       | |  1.7
Dodging        | |  2.6

Action                   |  1- 3 |  4- 6 || total
-------------------------+-------+-------++-------
Melee: Long sword        |   113 |    98 ||   211
  Use: Potion            |     2 |       ||     2
 Stab: Sleeping          |       |     1 ||     1
  Eat: Chunk             |     2 |     7 ||     9
Armor: Leather armour    |    23 |    23 ||    46
       Skin              |     9 |       ||     9
Dodge: Dodged            |    74 |    52 ||   126
       Rpst.: Long sword |    24 |    19 ||    43
